 Dungeon Crawl Stone Soup version 0.19.1-1-g22dce08 (webtiles) character file.

263 McKennaii the Gusty (level 5, -4/31 HPs)
             Began as a High Elf Air Elementalist on Jan 12, 2017.
             Slain by baghtru's ghost (17 damage)
             ... on level 3 of the Dungeon.
             The game lasted 00:06:37 (2532 turns).

McKennaii the Gusty (High Elf Air Elementalist)     Turns: 2532, Time: 00:06:37

Health: -4/31      AC:  7    Str:  7    XL:     5   Next: 97%
Magic:  8/12       EV: 11    Int: 19    God:
Gold:   151        SH:  0    Dex: 16    Spells: 3 memorised, 7 levels left

rFire  . . .     SeeInvis .     (no weapon)
rCold  . . .     Gourm    .     o - +2 ring mail {rPois}
rNeg   . . .     Faith    .     (no shield)
rPois  +         Spirit   .     (no helmet)
rElec  .         Reflect  .     (no cloak)
rCorr  +         Harm     .     (no gloves)
MR     .....                    (no boots)
Stlth  +++.......               (no amulet)
                                t - ring of resist corrosion
                                j - ring of stealth

@: repel missiles
A: no striking features
a: no special abilities


You were on level 3 of the Dungeon.
You were not hungry.

You visited 1 branch of the dungeon, and saw 3 of its levels.

You collected 151 gold pieces.

Inventory:

Armour
 a - a +0 robe
 o - a +2 ring mail of poison resistance (worn)
Jewellery
 j - a ring of stealth (left hand)
 t - a ring of resist corrosion (right hand)
Wands
 i - a wand of lightning (5/15)
Scrolls
 d - 2 scrolls of recharging {unknown}
 e - a scroll of magic mapping {unknown}
 g - 3 scrolls of remove curse {unknown}
 l - 3 scrolls of enchant armour {unknown}
Potions
 f - a potion of brilliance {unknown}
 h - a potion of curing {unknown}
 k - a potion of lignification {unknown}
 m - 2 potions of mutation {unknown}
 n - a potion of agility {unknown}
 q - a potion of haste {unknown}
 s - a potion of cancellation {unknown}
 v - a potion of flight {unknown}
 w - a potion of heal wounds {unknown}
Books
 b - a book of Air

   Spells                             Type                      Level
   a - Shock                          Conjuration/Air              1
   b - Swiftness                      Charms/Air                   2
   c - Repel Missiles                 Charms/Air                   2
   d - Static Discharge               Conjuration/Air              3
   e - Lightning Bolt                 Conjuration/Air              5
Comestibles
 c - 2 bread rations
 p - 3 meat rations
 r - a slice of pizza
 u - a beef jerky


   Skills:
 + Level 0.2 Fighting
 + Level 0.8 Armour
 + Level 2.8 Dodging
 + Level 2.5 Stealth
 + Level 4.0 Spellcasting
 + Level 3.0 Conjurations
 + Level 0.5 Charms
 + Level 5.6 Air Magic


You had 7 spell levels left.
You knew the following spells:

 Your Spells              Type           Power        Failure   Level  Hunger
a - Shock                 Conj/Air       ###.         10%         1    None
b - Swiftness             Chrm/Air       ###.....     21%         2    ##.....
c - Repel Missiles        Chrm/Air       ###...       21%         2    ##.....


Dungeon Overview and Level Annotations

Branches:
Dungeon (3/15)

Altars:
Fedhas
Kikubaaqudgha

Annotations:
D:3 baghtru's ghost, amateur HOFi


Message History

Aiming: Shock
Press: ? - help, Shift-Dir - straight line The zap hits baghtru's ghost.
Baghtru's ghost is heavily damaged.
The zap hits baghtru's ghost.
Baghtru's ghost appears unharmed.
Baghtru's ghost is heavily damaged.
Baghtru's ghost hits you!
Baghtru's ghost hits you but does no damage.
Baghtru's ghost says, "Try not to bleed too much."
Baghtru's ghost shouts, "You must not succeed where I failed!"
Baghtru's ghost whispers, "Everlasting silence awaits you..."
Casting: Shock
Confirm with . or Enter, or press ? or * to list all spells.
Aiming: Shock
Press: ? - help, Shift-Dir - straight line The zap hits baghtru's ghost.
Baghtru's ghost is heavily damaged.
The zap misses baghtru's ghost.
Baghtru's ghost hits you!
Ouch! That really hurt!
You die...

...# ##...# ##........#..#.. ...#
###..### #.<##.#...##.#.. #.##
#...## #####.###...#.#....# #.#
#.### #................... #.#
##.# #.............##..##
..####..# #.........##..##....
#...##.## #####...#.##......##
#...##.#### #............###...
##........#####.@......#######.#.
#.##.###.....#W...##### #....#.
#....# ####.......########.####.
##..### #..######........# #.
.....##### #..######........# #.
.........###.........(.....## #.
.............#######.......# #.
...)........## #.......#####.
.........##......................


You could see baghtru's ghost.

Vanquished Creatures
  Sigmund (D:3)
  A centaur skeleton (D:3)
  An adder (D:3)
  An ooze (D:1)
  3 worms
  A dart slug (D:1)
  4 leopard geckos (D:1)
  9 bats
  3 giant cockroaches
  8 goblins
  4 hobgoblins
  5 jackals
  4 kobolds
  A ball python (D:1)
  3 frilled lizards (D:1)
  6 rats
55 creatures vanquished.

Notes
Turn   | Place    | Note
-------+----------+-------------------------------------------
     0 | D:1      | McKennaii the High Elf Air Elementalist began the quest for the Orb.
     0 | D:1      | Reached XP level 1. HP: 11/11 MP: 4/4
    55 | D:1      | Reached skill level 4 in Air Magic
    86 | D:1      | Reached XP level 2. HP: 8/17 MP: 1/6
   551 | D:1      | Reached XP level 3. HP: 9/21 MP: 6/8
   752 | D:1      | Learned a level 2 spell: Swiftness
   755 | D:1      | Learned a level 2 spell: Repel Missiles
  1342 | D:2      | Found an ancient bone altar of Kikubaaqudgha.
  1343 | D:2      | Found a blossoming altar of Fedhas.
  1964 | D:3      | Noticed baghtru's ghost (amateur HOFi)
  1974 | D:3      | HP: 1/21 [baghtru's ghost (17)]
  2073 | D:3      | Reached XP level 4. HP: 10/27 MP: 0/9
  2259 | D:3      | Noticed Sigmund
  2367 | D:3      | Killed Sigmund
  2367 | D:3      | Reached skill level 5 in Air Magic
  2367 | D:3      | Reached XP level 5. HP: 29/31 MP: 0/12
  2532 | D:3      | Slain by baghtru's ghost

Skill      XL: |  1  2  3  4 |
---------------+-------------+-----
Air Magic      | 4 5 |  5.6
Conjurations   | 2 3 |  3.0
Spellcasting   | 3 4 |  4.0
Fighting       | |  0.2
Armour         | |  0.8
Dodging        | |  2.8
Stealth        | |  2.5
Charms         | |  0.5

Action                   |  1- 3 |  4- 6 || total
-------------------------+-------+-------++-------
Melee: Unarmed           |    30 |       ||    30
 Cast: Shock             |   101 |    30 ||   131
       Repel Missiles    |     1 |       ||     1
  Eat: Fruit             |     3 |       ||     3
       Bread ration      |     1 |       ||     1
Armor: Robe              |    12 |       ||    12
       Ring mail         |     2 |     3 ||     5
Dodge: Dodged            |    25 |     2 ||    27
       Deflected         |     2 |       ||     2
